 Dungeon Crawl Stone Soup version 0.29.1-14-g9c671dbff4 (webtiles) character file.

Game seed: 4407087096287820730

16 Mickster the Slasher (level 2, -2/24 HPs)
             Began as a Demigod Wanderer on Feb 20, 2023.
             Slain by an orc
             ... wielding a +0 club
              (3 damage)
             ... on level 2 of the Dungeon.
             The game lasted 00:09:05 (1115 turns).

Mickster the Slasher (Demigod Wanderer)             Turns: 1115, Time: 00:09:06

Health: -2/24      AC:  2    Str: 13    XL:     2   Next: 27%
Magic:  5/5        EV: 10    Int: 15    God:
Gold:   63         SH:  3    Dex: 12    Spells: 2/3 levels left

rFire   . . .      SeeInvis .   a - +2 falchion
rCold   . . .      Faith    .   b - +0 buckler
rNeg    . . .      Spirit   .   d - +0 robe
rPois   .          Reflect  .   (no helmet)
rElec   .          Harm     .   (no cloak)
rCorr   .          Rampage  .   (no gloves)
Will    .....                   (no boots)
Stlth   ++........              (no amulet)
HPRegen 0.08/turn               (no ring)
MPRegen 0.09/turn               (no ring)

@: lethally poisoned (-2 -> -5)
A: high MP 1, forlorn, divine attributes
a: no special abilities


You were on level 2 of the Dungeon.
You visited 1 branch of the dungeon, and saw 2 of its levels.

You collected 63 gold pieces.

Inventory:

Hand Weapons
 a - a +2 falchion (weapon)
 e - a +0 whip of freezing
 g - a +0 sling
Missiles
 f - 8 stones (quivered)
Armour
 b - a +0 buckler (worn)
 d - a +0 robe (worn)
Scrolls
 h - a scroll of teleportation {unknown}
Potions
 c - a potion of attraction


   Skills:
 + Level 2.0 Fighting
 + Level 3.2 Long Blades
 + Level 0.1 Dodging
 + Level 1.0 Stealth
 + Level 1.0 Shields
 + Level 1.0 Spellcasting
 + Level 1.0 Conjurations
 + Level 1.0 Evocations


You had 2 spell levels left.
You knew the following spells:

 Your Spells              Type           Power      Damage    Failure   Level
a - Shock                 Conj/Air       8%         1d3       26%         1

Your spell library contained the following spells:

 Spells                   Type           Power      Damage    Failure   Level
 Dazzling Flash           Conj/Hex       4%         N/A       63%         3


Dungeon Overview and Level Annotations

Branches:
Dungeon (2/15)

Shops:
D:1 [


Innate Abilities, Weirdness & Mutations

You have an increased reservoir of magic. (+10% MP)
You shall have no god before yourself.
Your divine heritage dramatically boosts your attributes as you level up.


Message History

You hit the rat.
You kill the rat!
h - a scroll labelled MISTOXK JUEG
There are no items here.
You now have 63 gold pieces (gained 15).
You see here a +0 leather armour.
There is an entrance to Lipoerhouri's Antique Armour Shoppe here.
There is a stone staircase leading down here.
You climb downwards.
The adder hisses angrily.
You hear a shout!
There is a stone staircase leading up here.
A bat comes into view.
An orc comes into view. It is wielding a +0 club.
The bat moves out of view.
You block the rat's attack.
You barely miss the rat. The rat bites you.
You closely miss the rat. The adder bites you. The rat bites you.
You hit the rat.
You kill the rat!
The adder bites you. The adder bites you but does no damage.
You closely miss the adder. The adder bites you. x2
You barely miss the adder. The adder bites you.
You are poisoned.
The adder poisons you! The orc barely misses you. The adder closely misses you.
You barely miss the adder.
You feel sick. The adder bites you.
* * * LOW HITPOINT WARNING * * *
You are lethally poisoned!
The adder poisons you! The orc hits you but does no damage.
You barely miss the adder.
* * * LOW HITPOINT WARNING * * *
You feel sick. The adder bites you.
* * * LOW HITPOINT WARNING * * *
The orc barely misses you. The adder barely misses you.
You barely miss the adder.
* * * LOW HITPOINT WARNING * * *
You feel sick. You block the adder's attack. The orc closely misses you.
You barely miss the adder.
* * * LOW HITPOINT WARNING * * *
You feel sick. The adder misses you. The orc hits you with a +0 club.
You die...

###.#.#
...... ###
#..####.S.o.
###...<...#
#.....###...#
#.....# .#
#.##.....#
......oS.#
#.##...@.# #
#.##### #. #


You could see an adder and an orc.

Vanquished Creatures
  2 endoplasms (D:1)
  A giant cockroach (D:1)
  2 quokkas (D:1)
  A ball python (D:1)
  3 bats (D:1)
  A frilled lizard (D:1)
  A goblin (D:1)
  3 kobolds (D:1)
  4 rats
18 creatures vanquished.

Notes
Turn   | Place    | Note
-------+----------+-------------------------------------------
     0 | D:1      | Mickster the Demigod Wanderer began the quest for the Orb.
     0 | D:1      | Mickster set off with the following items: a +2 falchion, a
                  | +0 buckler, a potion of attraction, a +0 robe; and the
                  | following spell memorised: Shock; and the following spells
                  | available to memorise: Dazzling Flash.
     0 | D:1      | Reached XP level 1. HP: 17/17 MP: 4/4
   207 | D:1      | Reached skill level 3 in Long Blades
   702 | D:1      | Reached XP level 2. HP: 23/24 MP: 5/5
   832 | D:1      | Found Lipoerhouri's Antique Armour Shoppe.
  1115 | D:2      | HP: 1/24 [poisoned by an adder]
  1115 | D:2      | Slain by an orc

Illustrated notes

Levels and vault maps discovered:
D:1:      tarquinn_simple_flora_water_e, layout_basic, basic_ecumenical_altar,
          serial_shops, shop, shop
D:2:      layout_loops_cross, serial_shops, shop, skrybe_limestone_x,
          minmay_tromino_i4, uniq_jessica

Skill      XL: |  1  2 |
---------------+-------+-----
Long Blades    | 3 |  3.2
Fighting       | 2 |  2.0
Dodging        | |  0.1
Stealth        | |  1.0
Shields        | |  1.0
Spellcasting   | |  1.0
Conjurations   | |  1.0
Evocations     | |  1.0

Action                   || total
-------------------------++-------
Melee: Falchion          ||    53
  Use: Potion            ||     1
 Stab: Sleeping          ||     1
Armor: Robe              ||    12
Dodge: Dodged            ||    39
Block: Buckler           ||    15
